 Dungeon Crawl Stone Soup version 0.27.1-1-g398f81649c (webtiles) character file.

Game seed: 1748587424401525292

79 acemry the Changer (level 4, -2/28 HPs)
             Began as an Octopode Transmuter on Sept 7, 2021.
             Slain by a gnoll (11 damage)
             ... on level 2 of the Dungeon.
             The game lasted 00:03:06 (2485 turns).

acemry the Changer (Octopode Transmuter)            Turns: 2485, Time: 00:03:06

Health: -2/28      AC:  1    Str:  9    XL:     4   Next: 37%
Magic:  16/16      EV: 13    Int: 16    God:
Gold:   91         SH:  0    Dex: 12    Spells: 6/7 levels left

rFire    . . .     SeeInvis .   c - +0 dagger (drain)
rCold    . . .     Faith    .   (no shield)
rNeg     . . .     Spirit   .   (helmet restricted)
rPois    .         Reflect  .   (no amulet)
rElec    .         Harm     .   f - ring of magical power
rCorr    .         Rampage  .   (no ring)
Will     .....                  (no ring)
Stlth    ++........             (no ring)
HPRegen  0.09/turn              (no ring)
MPRegen  0.15/turn              (no ring)
                                (no ring)
                                (no ring)

@: no status effects
A: almost no armour, amphibious, 8 rings, camouflage 1, gelatinous body 1,
(nimble swimmer 1), tentacles
a: no special abilities


You were on level 2 of the Dungeon.
You visited 1 branch of the dungeon, and saw 2 of its levels.

You collected 91 gold pieces.

Inventory:

Hand Weapons
 a - a +0 short sword
 c - a +0 dagger of draining (weapon)
Missiles
 b - 17 stones
Jewellery
 f - a ring of magical power (left tentacle)
Potions
 d - a potion of cancellation
 e - a potion of heal wounds {unknown}
 g - a potion of flight


   Skills:
 - Level 1.0 Fighting
 - Level 2.0 Dodging
 - Level 3.0 Unarmed Combat
 - Level 2.0 Spellcasting
 + Level 4.5 Transmutations


You had 6 spell levels left.
You knew the following spells:

 Your Spells              Type           Power      Damage    Failure   Level
a - Beastly Appendage     Tmut           32%        N/A       3%          1

Your spell library contained the following spells:

 Spells                   Type           Power      Damage    Failure   Level
 Wereblood                Tmut           16%        N/A       4%          2
 Spider Form              Tmut/Pois      4%         N/A       24%         3
 Stone Arrow              Conj/Erth      2%         3d7       52%         3
 Ice Form                 Ice/Tmut       8%         N/A       63%         4
 Lehudib's Crystal Spear  Conj/Erth      0%         10d2      100%        8
 Animate Armour           Summ/Erth      Unusable   N/A       N/A         4

Dungeon Overview and Level Annotations

Branches:
Dungeon (2/15)

Altars:
The Shining One


Innate Abilities, Weirdness & Mutations

You cannot wear most types of armour.
You are amphibious.
You can wear up to eight rings at the same time.
Your skin changes colour to match your surroundings (Stealth+).
Your rubbery body absorbs attacks. (AC +1, EV +1)
((You are camouflaged near water. (Stealth+)))
You have tentacles for arms and can constrict up to eight enemies at once.


Message History

The bat hits you.
You closely miss the bat. You grab the bat.
You squeeze the bat, but do no damage. You constrict the bat.
The bat closely misses you.
The bat escapes!
You hit the bat but do no damage. You grab the bat.
You pierce the bat.
You kill the bat!
The kobold hits you with a +0 whip.
There is an open door here.
You see here a bat corpse.
You barely miss the kobold. Your grab misses the kobold.
The kobold barely misses you.
You hit the kobold but do no damage. Your grab misses the kobold.
You pierce the kobold, but do no damage.
The kobold misses you.
You hit the kobold but do no damage. You grab the kobold.
You constrict the kobold. The kobold hits you with a +0 whip.
A gnoll comes into view. It is wielding a +0 flail.
You barely miss the kobold.
You pierce the kobold.
The kobold is severely wounded.
You constrict the kobold.
You kill the kobold!
You closely miss the gnoll. Your grab misses the gnoll.
Your tentacle spike misses the gnoll.
The gnoll hits you with a +0 flail!
A gnoll comes into view. It is wielding a +0 whip.
You are too injured to fight recklessly!
You are too injured to fight recklessly!
You are too injured to fight recklessly!
You are too injured to fight recklessly!
You closely miss the gnoll.
The gnoll shouts!
You grab the gnoll. You constrict the gnoll.
The gnoll hits you with a +0 flail.
* * * LOW HITPOINT WARNING * * *
You release your grip on the gnoll.
The gnoll barely misses you.
Your transformation is almost over.
There is an open door here.
Okay, then.
Your tentacle spike disappears.
The gnoll hits you with a +0 flail!
You die...

#.## #># #.# #.#
###.####### #.# #.#
#.........#####.# #.#
#...............#
#.######.....###.#######
#............# #.#
#######......# #.#
##.#.### #.# #.#@# #.#
#.#g### ### #.....#
###.### ######## #.#
#......# ###g# #.####.#
#...### #.# #.# ##.....#
#.####.######....###


You could see 2 gnolls.

Vanquished Creatures
  Terence (D:2)
  2 adders (D:2)
  2 dart slugs (D:2)
  2 endoplasms
  2 giant cockroaches (D:1)
  2 hobgoblins (D:1)
  4 kobolds
  4 quokkas
  7 bats
  2 frilled lizards (D:1)
  A goblin (D:1)
  3 rats
32 creatures vanquished.

Notes
Turn   | Place    | Note
-------+----------+-------------------------------------------
     0 | D:1      | acemry the Octopode Transmuter began the quest for the Orb.
     0 | D:1      | Reached XP level 1. HP: 13/13 MP: 3/3
   371 | D:1      | Reached XP level 2. HP: 17/17 MP: 3/5
   573 | D:1      | Reached skill level 3 in Transmutations
   811 | D:1      | You fall into a shaft and drop 1 floor!
   811 | D:2      | Noticed Terence
   818 | D:2      | Killed Terence
   819 | D:2      | Reached XP level 3. HP: 11/23 MP: 4/6
  1464 | D:2      | Found a glowing golden altar of the Shining One.
  1490 | D:2      | Reached skill level 4 in Transmutations
  1711 | D:2      | Reached XP level 4. HP: 12/28 MP: 7/7
  2485 | D:2      | Slain by a gnoll

Illustrated notes

Levels and vault maps discovered:
D:1:      dpeg_arrival_rooms_c, layout_basic
D:2:      layout_loops_corners, basic_altar, minmay_tromino_v4_b,
          uniq_crazy_yiuf_cottage, uniq_terence

Skill      XL: |  1  2  3 |
---------------+----------+-----
Transmutations | 3 4 |  4.5
Fighting       | |  1.0
Dodging        | |  2.0
Unarmed Combat | |  3.0
Spellcasting   | |  2.0

Action                   |  1- 3 |  4- 6 || total
-------------------------+-------+-------++-------
Melee: Unarmed           |     6 |       ||     6
       Constrict         |    16 |     6 ||    22
       Dagger            |    47 |    24 ||    71
       Kick              |    11 |     4 ||    15
       Tentacles         |     8 |     2 ||    10
       Short sword       |     2 |       ||     2
       Punch             |     1 |     1 ||     2
Throw: Stone             |     4 |       ||     4
 Cast: Beastly Appendage |    14 |     5 ||    19
  Use: Scroll            |     2 |       ||     2
 Stab: Sleeping          |     1 |     3 ||     4
Armor: Skin              |     7 |     1 ||     8
Dodge: Dodged            |    41 |    14 ||    55
